 Dungeon Crawl Stone Soup version 0.26.1-11-gd32895ea62 (webtiles) character file.

Game seed: 5015896953016922989

771 Descartes the Ruffian (level 7, -3/66 HPs)
             Began as a Troll Chaos Knight on July 16, 2021.
             Was a Plaything of Xom.
             Killed by nerve-wracking pain
             ... invoked by a shadow imp
              (9 damage)
             ... on level 5 of the Dungeon.
             The game lasted 00:07:16 (3829 turns).

Descartes the Ruffian (Troll Chaos Knight)          Turns: 3829, Time: 00:07:18

Health: -3/66      AC: 13    Str: 22    XL:     7   Next: 53%
Magic:  6/6        EV:  6    Int:  8    God:    Xom [....*.]
Gold:   219        SH: 14    Dex: 10    Spells: 6/6 levels left

rFire    . . .     SeeInvis .     - Unarmed
rCold    . . .     Faith    .   q - +0 tower shield (curse)
rNeg     . . .     Spirit   .   a - +2 robe
rPois    .         Reflect  .   (helmet restricted)
rElec    .         Harm     .   x - +0 cloak
rCorr    .         Rampage  .   (gloves unavailable)
Will     .....                  (boots unavailable)
Stlth    +.........             (no amulet)
HPRegen  0.61/turn              (no ring)
MPRegen  0.10/turn              (no ring)

@: no status effects
A: large, unfitting armour, claws 3, talons 1, slimy green scales 1, thin
metallic scales 1, deterioration 1, regeneration 1, shaggy fur 1, tough skin 3,
evolution 1
a: Renounce Religion


You were on level 5 of the Dungeon.
You worshipped Xom.
You were a beloved toy of Xom.
You visited 2 branches of the dungeon, and saw 6 of its levels.

You collected 219 gold pieces.

Inventory:

Hand Weapons
 v - a +0 fustibalus
Missiles
 f - 104 stones (quivered)
 j - 79 arrows
 o - 2 boomerangs
 p - 21 sling bullets
 s - 18 poisoned darts
 u - 3 curare-tipped darts
 A - 23 bolts
Armour
 a - a +2 robe (worn)
 q - a cursed +0 tower shield (worn)
 x - a +0 cloak (worn)
Wands
 y - a wand of enslavement (15)
Scrolls
 c - 2 scrolls of remove curse {unknown}
 d - a scroll of amnesia {unknown}
 e - a scroll of blinking {unknown}
 i - 2 scrolls of enchant weapon {unknown}
 l - 6 scrolls of identify {unknown}
 m - 2 scrolls of noise {unknown}
 z - a scroll of magic mapping {unknown}
 C - a scroll of random uselessness {unknown}
Potions
 b - a potion of brilliance {unknown}
 g - a potion of haste {unknown}
 h - a potion of magic {unknown}
 k - 2 potions of attraction {unknown}
 n - 4 potions of curing {unknown}
 r - a potion of cancellation {unknown}
 t - a potion of flight {unknown}
 w - a potion of heal wounds {unknown}
 B - a potion of mutation {unknown}


   Skills:
 - Level 2.4 Fighting
 - Level 1.9 Dodging
 + Level 4.8 Shields
 + Level 6.6 Unarmed Combat


You had 6 spell levels left.
You didn't know any spells.
Your spell library was empty.

Dungeon Overview and Level Annotations

Branches:
Dungeon (5/15)             Temple (1/1) D:4

Altars:
Ashenzari
Dithmenos
Elyvilon
Fedhas
Gozag
Kikubaaqudgha
Makhleb
Nemelex Xobeh
Okawaru
Qazlal
Ru
Sif Muna
Trog
Uskayaw
Vehumet
Wu Jian
Xom
Yredelemnul
Zin

Shops:
D:5 *


Innate Abilities, Weirdness & Mutations

You are too large for most types of armour.
You have claws for hands.
Your natural rate of healing is unusually fast.
You are covered in fur. (AC +1)
You have extremely tough skin. (AC +3)
You have sharp toenails.
You are partially covered in slimy green scales. (AC +2)
You are partially covered in thin metallic scales. (AC +2)
Your body sometimes deteriorates upon taking damage.
You evolve.


Message History

You kill the orc!
You barely miss the shadow imp. You block the shadow imp's attack.
You scratch the shadow imp.
You claw the shadow imp, but do no damage.
The shadow imp is lightly wounded.
The shadow imp hits you.
* * * LOW HITPOINT WARNING * * *
You closely miss the shadow imp. Your kick misses the shadow imp.
The shadow imp is lightly wounded.
You block the shadow imp's attack.
You scratch the shadow imp.
The shadow imp is heavily wounded.
You closely miss the shadow imp. You claw the shadow imp.
The shadow imp is severely wounded.
The shadow imp gestures at you. Pain shoots through your body!
* * * LOW HITPOINT WARNING * * *
The shadow imp gestures at you. Pain shoots through your body!
You die...

.# #.#
#####.†.###.######
.# #.# ##.....##.# #
.# #.* ##.......###
# .# ,*
##...≈≈≈...## # .# *
*##...≈≈.≈≈...## #
.# ##...≈≈...≈≈...##
# .#
*##...≈≈.....≈≈...##
# .#
#...≈≈.......≈≈...#
# .#
#...@5...∩.....)..#
##
#...≈≈.......≈≈...#
##...≈≈.....≈≈...##
##...≈≈...≈≈...##
##...≈≈.≈≈...##
######## *,
##...≈≈≈...##
.......# *
##.......## .#####.#
##.....## .#####.##
,


You could see a shadow imp.

Vanquished Creatures
  An orc warrior (D:5)
  A scorpion (D:4)
  3 orc priests
  An orc wizard (D:3)
  A gnoll shaman (D:4)
  2 iguanas (D:4)
  2 worker ants
  Robin (D:2)
  10 gnolls
  3 adders (D:3)
  2 white imps (D:5)
  2 worms (D:3)
  4 leopard geckos
  8 orcs
  4 bats
  3 giant cockroaches
  9 goblins
  17 hobgoblins
  4 jackals (D:1)
  5 kobolds
  4 quokkas
  7 frilled lizards
  2 rats
96 creatures vanquished.

Vanquished Creatures (collateral kills)
  Terence (D:3)
1 creature vanquished.

Vanquished Creatures (others)
  A troll (D:5)
  An ogre (D:4)
  A killer bee (D:4)
  15 bushes (D:4)
18 creatures vanquished.

Grand Total: 115 creatures vanquished

Notes
Turn   | Place    | Note
-------+----------+-------------------------------------------
     0 | D:1      | Descartes the Troll Chaos Knight began the quest for the
                  | Orb.
     0 | D:1      | Reached XP level 1. HP: 22/22 MP: 0/0
   141 | D:1      | Reached XP level 2. HP: 29/29 MP: 1/1
   198 | D:1      | Reached skill level 1 in Shields
   509 | D:2      | XOM: silly message
   720 | D:2      | XOM is BORED!
   720 | D:2      | XOM: silly message
   735 | D:2      | Reached XP level 3. HP: 28/36 MP: 2/2
  1059 | D:2      | XOM: silly message
  1195 | D:2      | XOM: silly message
  1254 | D:3      | Noticed Sigmund
  1255 | D:3      | Noticed Robin
  1270 | D:2      | XOM: silly message
  1338 | D:2      | Reached skill level 4 in Unarmed Combat
  1348 | D:2      | Reached XP level 4. HP: 34/44 MP: 3/3
  1381 | D:2      | Killed Robin
  1399 | D:2      | XOM: potion effect (heal wounds)
  1403 | D:2      | Noticed Sigmund
  1403 | D:2      | Sigmund changed into Sigmund the worker ant
  1403 | D:2      | XOM: polymorph Sigmund -> Sigmund the worker ant
  1410 | D:2      | Killed Sigmund the worker ant
  1580 | D:3      | XOM: silly message
  1744 | D:3      | Reached XP level 5. HP: 45/50 MP: 4/4
  1901 | D:3      | Noticed Terence
  1909 | D:3      | XOM: summons 5 friendly demons
  1910 | D:3      | Killed Terence
  1987 | D:3      | XOM is BORED!
  1987 | D:3      | XOM: draining
  2057 | D:3      | Found a shadowy altar of Dithmenos.
  2191 | D:4      | XOM: cleaving
  2199 | D:4      | Reached skill level 5 in Unarmed Combat
  2246 | D:4      | Found a bloodstained altar of Trog.
  2247 | D:4      | Found a stormy altar of Qazlal.
  2302 | D:4      | Found a staircase to the Ecumenical Temple.
  2305 | D:4      | Found a blossoming altar of Fedhas.
  2313 | D:4      | Noticed a centaur
  2319 | D:4      | a centaur changed into a killer bee
  2319 | D:4      | XOM: polymorph centaur -> killer bee
  2331 | D:4      | XOM: destruction
  2332 | D:4      | Reached XP level 6. HP: 18/55 MP: 5/5
  2449 | D:4      | XOM: cleaving
  2548 | D:4      | XOM: god gift: fustibalus {god gift}
  2680 | D:4      | XOM: give mutations
  2680 | D:4      | Gained mutation: You are partially covered in thin metallic
                  | scales. (AC +2) [Xom's grace]
  2680 | D:4      | Gained mutation: You are partially covered in slimy green
                  | scales. (AC +2) [Xom's grace]
  2680 | D:4      | Gained mutation: You have sharp toenails. [Xom's grace]
  2680 | D:4      | Gained mutation: You evolve. [Xom's grace]
  2947 | D:4      | XOM: god gift: wand of enslavement (8)
  2969 | D:4      | Found a broken altar of Ashenzari.
  3132 | Temple   | Entered the Ecumenical Temple
  3151 | Temple   | XOM: divination: detect items
  3384 | D:5      | Entered Level 5 of the Dungeon
  3471 | D:5      | XOM: god gift: 9 gold pieces
  3473 | D:5      | Gained mutation: Your body sometimes deteriorates upon
                  | taking damage. [evolution]
  3609 | D:5      | Found a hide-covered altar of Uskayaw.
  3686 | D:5      | Found Exui's Assorted Antiques.
  3686 | D:5      | Noticed an orc warrior
  3686 | D:5      | XOM: divination: magic mapping
  3708 | D:5      | Killed an orc warrior
  3709 | D:5      | Reached skill level 6 in Unarmed Combat
  3709 | D:5      | Reached XP level 7. HP: 54/66 MP: 6/6
  3755 | D:5      | XOM: 5-stop teleportation journey
  3765 | D:5      | XOM: divination: detect items
  3787 | D:5      | Noticed a troll
  3815 | D:5      | Killed a troll
  3815 | D:5      | XOM: divine lightning
  3829 | D:5      | Killed from afar by a shadow imp

Illustrated notes

Levels and vault maps discovered:
D:1:      onia_arrival_mini_spirals, layout_rooms, kennysheep_doodads,
          serial_park_tiny_1, minmay_tree_intersection, hex_medium, minivault_4,
          minmay_pentomino_q4
D:2:      layout_loops_ring, serial_rivers, chequers_serial_rivers_micro_b,
          chequers_serial_rivers_micro_d, chequers_serial_rivers_room_b,
          chequers_serial_rivers_room_a, kennysheep_cross_room
D:3:      layout_loops_cross, lemuel_crystal_altar, uniq_terence, uniq_sigmund,
          uniq_robin
D:4:      layout_cave_pools, marbit_many_paths, minitemple,
          fedhas_bush_and_centaur_altar, temple_pool_b, minivault_25
D:5:      layout_loops_ring, eat_drink_and_be_merry_uskayaw,
          gammafunk_temple_overflow_wave, kennysheep_diamond
Temple:   nicolae_temple_figure_eight

Skill      XL: |  1  2  3  4  5  6 |
---------------+-------------------+-----
Shields        | 1 2 3 4 |  4.8
Unarmed Combat | 4 5 6 |  6.6
Fighting       | |  2.4
Dodging        | |  1.9

Action                   |  1- 3 |  4- 6 |  7- 9 || total
-------------------------+-------+-------+-------++-------
Melee: Unarmed           |    88 |   217 |    27 ||   332
       Kick              |       |    11 |     5 ||    16
 Stab: Sleeping          |       |     1 |       ||     1
Armor: Robe              |    48 |    52 |    15 ||   115
Dodge: Dodged            |    34 |    33 |     8 ||    75
Block: Kite shield       |    37 |       |       ||    37
       Tower shield      |    28 |   158 |    23 ||   209
